 Dungeon Crawl Stone Soup version 0.28.0 (webtiles) character file.

Game seed: 8532334011590161934

419 browni3141 the Chopper (level 6, 0/56 HPs)
             Began as a Minotaur Berserker on Feb 17, 2022.
             Was a Believer of Trog.
             Killed by divine providence
             ... invoked by an orc priest
              (12 damage)
             ... on level 3 of the Dungeon.
             The game lasted 00:01:27 (2752 turns).

browni3141 the Chopper (Minotaur Berserker)         Turns: 2752, Time: 00:01:27

Health: 0/56       AC: 13    Str: 23    XL:     6   Next: 62%
Magic:  5/5        EV:  7    Int:  4    God:    Trog [**....]
Gold:   123        SH:  0    Dex: 10    Spells: 5/5 levels left

rFire   . . .      SeeInvis .   a - +0 hand axe
rCold   . . .      Faith    .   (no shield)
rNeg    . . .      Spirit   .   l - +0 plate armour
rPois   .          Reflect  .   (helmet restricted)
rElec   .          Harm     .   (no cloak)
rCorr   .          Rampage  .   (no gloves)
Will    .....                   m - +0 pair of boots
Stlth   ..........              (no amulet)
HPRegen 0.18/turn               (no ring)
MPRegen 0.09/turn               (no ring)

@: lethally poisoned (0 -> -21)
A: horns 2, retaliatory headbutt
a: Renounce Religion, Berserk, Trog's Hand


You were on level 3 of the Dungeon.
You worshipped Trog.
Trog was pleased with you.
You visited 1 branch of the dungeon, and saw 3 of its levels.
You also visited: Sewer.

You collected 123 gold pieces.


Innate Abilities, Weirdness & Mutations

You have a pair of horns on your head.
You reflexively headbutt those who attack you in melee.


   Skills:
 + Level 5.5 Fighting
 * Level 6.9 Axes
 + Level 4.7 Armour
 - Level 2.1 Dodging


You had 5 spell levels left.
You didn't know any spells.
Your spell library was empty.

Inventory:

Hand Weapons
 a - a +0 hand axe (weapon)
Armour
 b - a +0 animal skin
 c - a +0 scale mail
 g - a +0 chain mail
 l - a +0 plate armour (worn)
 m - a +0 pair of boots (worn)
Wands
 h - a wand of flame (14)
Scrolls
 d - a scroll of teleportation {unknown}
 f - 3 scrolls of identify {unknown}
 n - a scroll of vulnerability {unknown}
Potions
 e - 3 potions of heal wounds {unknown}
 i - 3 potions of curing {unknown}
 j - a potion of lignification {unknown}
 k - a potion of invisibility {unknown}

Dungeon Overview and Level Annotations

Branches:
Dungeon (3/15)              Sewer (visited)

Altars:
The Shining One

#..... #...# #
...... #..># #
......######.###
# .............#
# .........#####
# .........#
+####...##
#...?######
#..@.......
#.)o.......
#..¦¦...... #.¦.
¦..... #. .
..... #. ¦


¦¦¦¦ .. . You could see an orc priest.


Message History

The orc wizard hits you but does no damage.
You are more poisoned.
You hit the orc wizard but do no damage.
You punch the orc wizard, but do no damage.
The orc wizard is almost dead.
You hit the orc priest but do no damage.
You feel sick.
The orc wizard hits you but does no damage.
You are more poisoned.
The orc priest hits you with a +0 dagger.
* * * LOW HITPOINT WARNING * * *
You barely miss the orc wizard. Your headbutt misses the orc wizard.
The orc wizard is almost dead.
You barely miss the orc priest.
* * * LOW HITPOINT WARNING * * *
You feel very sick.
The orc wizard hits you but does no damage.
You are lethally poisoned!
The orc priest hits you with a +0 dagger.
* * * LOW HITPOINT WARNING * * *
You slash the orc wizard!
You kill the orc wizard!
Trog accepts your kill.
Trog appreciates your killing of a magic user.
You hit the orc priest.
* * * LOW HITPOINT WARNING * * *
You feel very sick.
The orc priest calls down the wrath of Beogh upon you.
Beogh smites you!
You die...

Skill      XL: |  1  2  3  4  5 |
---------------+----------------+-----
Axes           | 4 6 |  6.9
Fighting       | 4 5 |  5.5
Armour         | 3 4 |  4.7
Dodging        | |  2.1

Action                   |  1- 3 |  4- 6 || total
-------------------------+-------+-------++-------
Melee: Hand axe          |    74 |    78 ||   152
       Headbutt          |    13 |    10 ||    23
       Punch             |       |     2 ||     2
Invok: Berserk           |     1 |     1 ||     2
       Trog's Hand       |     1 |       ||     1
Armor: Scale mail        |    26 |       ||    26
       Chain mail        |     8 |    15 ||    23
       Plate armour      |       |    33 ||    33
Dodge: Dodged            |    37 |    30 ||    67

Levels and vault maps discovered:
D:1:      dpeg_arrival_round_a, layout_loops_ring
D:2:      layout_loops_corners, uniq_sigmund, uniq_terence
D:3:      layout_basic, nicolae_tso_besieged_by_evil, gup_sewer_entry_bubbles,
          minmay_curled_crystal

Notes
Turn   | Place    | Note
-------+----------+-------------------------------------------
     0 | D:1      | browni3141 the Minotaur Berserker began the quest for the
                  | Orb.
     0 | D:1      | Reached XP level 1. HP: 19/19 MP: 0/0
   220 | D:1      | Reached skill level 4 in Axes
   236 | D:1      | Reached XP level 2. HP: 27/27 MP: 1/1
   576 | D:1      | Reached skill level 4 in Fighting
   800 | D:2      | Reached skill level 3 in Armour
   821 | D:2      | Reached ** piety under Trog
   866 | D:2      | Reached XP level 3. HP: 33/33 MP: 2/2
  1014 | D:2      | Noticed Terence
  1023 | D:2      | Killed Terence
  1552 | D:2      | Noticed Sigmund
  1566 | D:2      | Killed Sigmund
  1567 | D:2      | Reached skill level 6 in Axes
  1567 | D:2      | Reached skill level 4 in Armour
  1567 | D:2      | Reached XP level 4. HP: 20/41 MP: 3/3
  1567 | D:2      | Reached XP level 5. HP: 23/47 MP: 4/4
  1793 | D:2      | Reached skill level 5 in Fighting
  2161 | D:3      | Found a glowing golden altar of the Shining One.
  2305 | D:3      | Reached XP level 6. HP: 56/56 MP: 5/5
  2410 | D:3      | Found a glowing drain.
  2425 | Sewer    | Entered a sewer
  2449 | Sewer    | Noticed Pargi
  2457 | Sewer    | Killed Pargi
  2752 | D:3      | Killed from afar by an orc priest

Vanquished Creatures
  Sigmund (D:2)
  Pargi (Sewer)
  A crimson imp (D:3)
  An orc priest (D:3)
  Terence (D:2)
  An orc wizard (D:3)
  2 adders
  6 ball pythons
  2 endoplasms (D:1)
  4 giant cockroaches
  7 goblins
  5 hobgoblins
  2 jackals (D:1)
  2 quokkas (D:3)
  4 bats
  A frilled lizard (D:1)
  4 goblin skeletons (D:3)
  3 hobgoblin zombies (D:3)
  4 kobolds
  A kobold zombie (D:3)
  An orc skeleton (D:3)
  An orc zombie (D:3)
  8 rats
63 creatures vanquished.

Table legend: (Time is in decaauts)
 A = Elapsed time spent in this place.
 B = Non-inter-level travel time spent in this place.
 C = Inter-level travel time spent in this place.
 D = Time resting spent in this place.
 E = Time spent auto-exploring this place.
 F = Levels seen in this place.
 G = Mean time per level.
                   A        B        C        D        E       F      G
               +--------+--------+--------+--------+--------+-----+--------+
         Total |   2801 |   2730 |     71 |    361 |   1873 |   4 |  700.2 |
       Dungeon |   2519 |   2448 |     71 |    247 |   1756 |   3 |  839.7 |
         Sewer |    281 |    281 |      0 |    114 |    117 |   1 |  281.0 |
               +--------+--------+--------+--------+--------+-----+--------+

Top non-repeatable levels by time:
     D:2: 1269 daAuts
     D:1: 800 daAuts
     D:3: 449 daAuts
   Sewer: 281 daAuts

Table legend:
 A = Non-vault XP
 B = Vault XP
 C = Vault XP percentage of total XP
 D = Non-vault monster count
 E = Vault monster count
 F = Vault count percentage of total count
                 A         B        C        D         E       F
            +---------+---------+-------+---------+---------+-------
      Total |     137 |     497 |  78.4 |      38 |      25 |  39.7
            +---------+---------+-------+---------+---------+-------
        D:1 |      37 |       0 |   0.0 |      22 |       0 |   0.0
        D:2 |      17 |     263 |  93.9 |      11 |       2 |  15.4
        D:3 |      83 |      82 |  49.7 |       5 |      18 |  78.3
      Sewer |       0 |     152 | 100.0 |       0 |       5 | 100.0
            +---------+---------+-------+---------+---------+-------
